 Dungeon Crawl Stone Soup version 0.29-a0-231-g945431f764 (webtiles) character file.

Game seed: 5002601517447251627

78 frimble the Chiller (level 4, 0/32 HPs)
             Began as a Gnoll Ice Elementalist on Mar 1, 2022.
             Killed from afar by Sigmund (10 damage)
             ... with a puff of flame
             ... on level 2 of the Dungeon.
             The game lasted 00:02:11 (2182 turns).

frimble the Chiller (Gnoll Ice Elementalist)        Turns: 2182, Time: 00:02:11

Health: 0/32       AC:  3    Str:  9 (10) XL:     4   Next: 36%
Magic:  0/11       EV: 13    Int: 13 (14) God:
Gold:   71         SH:  0    Dex: 11 (12) Spells: 6/13 levels left

rFire   . . .      SeeInvis .   e - +0 dagger
rCold   . . .      Faith    .   (no shield)
rNeg    . . .      Spirit   .   a - +0 robe
rPois   .          Reflect  .   (no helmet)
rElec   .          Harm     .   (no cloak)
rCorr   .          Rampage  .   (no gloves)
Will    .....                   f - +0 pair of boots
Stlth   ++........              (no amulet)
HPRegen 0.10/turn               (no ring)
MPRegen 0.12/turn               (no ring)

@: about to teleport, freezing walls, flying
A: fangs 1, strong nose, distributed training
a: no special abilities


You were on level 2 of the Dungeon.
You visited 1 branch of the dungeon, and saw 2 of its levels.

You collected 71 gold pieces.

Inventory:

Hand Weapons
 e - a +0 dagger (weapon)
Armour
 a - a +0 robe (worn)
 f - a +0 pair of boots (worn)
Scrolls
 g - a scroll of enchant weapon {unknown}
 j - a scroll of enchant armour {unknown}
Potions
 b - a potion of resistance
 h - a potion of degeneration


   Skills:
 + Level 1.1 Fighting
 + Level 1.1 Short Blades
 + Level 1.1 Long Blades
 + Level 1.1 Axes
 + Level 1.1 Maces & Flails
 + Level 1.1 Polearms
 + Level 1.1 Staves
 + Level 1.1 Slings
 + Level 1.1 Bows
 + Level 1.1 Crossbows
 + Level 1.1 Throwing
 + Level 1.1 Armour
 + Level 4.6 Dodging
 + Level 4.2 Stealth
 + Level 1.1 Shields
 + Level 1.1 Unarmed Combat
 + Level 5.0 Spellcasting
 + Level 0.8 Conjurations
 + Level 0.8 Hexes
 + Level 0.8 Summonings
 + Level 0.8 Necromancy
 + Level 0.8 Translocations
 + Level 0.8 Transmutations
 + Level 0.8 Fire Magic
 + Level 7.1 Ice Magic
 + Level 0.8 Air Magic
 + Level 0.8 Earth Magic
 + Level 0.8 Poison Magic
 + Level 1.2 Invocations
 + Level 1.1 Evocations


You had 6 spell levels left.
You knew the following spells:

 Your Spells              Type           Power      Damage    Failure   Level
a - Freeze                Ice            84%        1d10      1%          1
b - Frozen Ramparts       Ice            42%        1d6       3%          3
c - Ozocubu's Armour      Ice            21%        N/A       3%          3

Your spell library contained the following spells:

 Spells                   Type           Power      Damage    Failure   Level
 Ensorcelled Hibernation  Hex/Ice        26%        N/A       5%          2
 Hailstorm                Conj/Ice       13%        3d5       34%         4
 Spider Form              Tmut/Pois      5%         N/A       36%         3
 Metabolic Englaciation   Hex/Ice        6%         N/A       69%         5
 Anguish                  Hex/Necr       2%         N/A       78%         4
 Simulacrum               Ice/Necr       6%         N/A       99%         6


Dungeon Overview and Level Annotations

Branches:
Dungeon (2/15)

Altars:
Beogh

Annotations:
D:2 Sigmund


Innate Abilities, Weirdness & Mutations

You have very sharp teeth.
Your uncanny sense of smell can sniff out nearby items.
Your experience applies equally to all skills.


Message History

You bark for attention!
Sigmund shouts!
You hear a shout!
Sigmund drinks a potion.
Sigmund seems to speed up.
Sigmund gestures at you while chanting. You resist with some effort.
Casting: Freeze (safe; 1% risk of failure)
Confirm with . or Enter, or press ? or * to list all spells.
You can't see any susceptible monsters within range! (Use Z to cast anyway.)
Casting: Freeze (safe; 1% risk of failure)
Confirm with . or Enter, or press ? or * to list all spells.
Casting: Frozen Ramparts (dangerous; 2% risk of failure)
Press: ? - help, Dir - look around, f - activate The walls around you are covered in ice.
The wall freezes Sigmund.
Sigmund hits you from afar with a +6 antimagic scythe!
You feel your power leaking away.
Casting: Frozen Ramparts (dangerous; 2% risk of failure)
Confirm with . or Enter, or press ? or * to list all spells.
You don't have enough magic to cast this spell.
Casting: Frozen Ramparts (dangerous; 2% risk of failure)
Confirm with . or Enter, or press ? or * to list all spells.
Okay, then.
Unknown command.
You aren't carrying any items that you can evoke.
It was a potion of degeneration.
There was something very wrong with that liquid.
You feel weakened.
You feel dopey.
You feel clumsy.
The wall freezes Sigmund.
Sigmund hits you from afar with a +6 antimagic scythe!
You feel your power leaking away.
It was a potion of flight.
You feel very buoyant.
You fly up into the air.
The wall freezes Sigmund.
Sigmund misses you.
It was a potion of curing.
You feel better.
The wall freezes Sigmund.
Sigmund hits you from afar with a +6 antimagic scythe!
As you read the scroll labelled SUBLAH WAEBEU, it crumbles to dust.
You feel strangely unstable.
It was a scroll of teleportation.
The wall freezes Sigmund.
Sigmund casts a spell at you. The puff of flame hits you!
You die...

..#..............#
.
#.#...........>..#
$.
#.#..............#
...
#.#.#########.##.#
.... #.#.# #.##.#
..... #.#.#######
#.##.######......
...........
...#.@....'@.....
#.#.######
####.######......
..#.# #@# .....
#.#.# #.# ....
..#.# ### ###
#.#.# ..#.# ###.#
# #.# ###.# ....#


You could see Sigmund (fast).

Vanquished Creatures
  2 adders (D:2)
  3 dart slugs (D:1)
  4 endoplasms (D:1)
  5 giant cockroaches
  4 goblins
  4 hobgoblins
  4 jackals (D:1)
  4 kobolds
  4 quokkas
  6 ball pythons (D:1)
  5 bats (D:1)
  A frilled lizard (D:2)
  6 rats
52 creatures vanquished.

Notes
Turn   | Place    | Note
-------+----------+-------------------------------------------
     0 | D:1      | frimble the Gnoll Ice Elementalist began the quest for the
                  | Orb.
     0 | D:1      | Reached XP level 1. HP: 13/13 MP: 6/6
   216 | D:1      | Reached XP level 2. HP: 11/19 MP: 5/7
   571 | D:1      | Found a faded altar of an unknown god.
   697 | D:1      | Reached XP level 3. HP: 25/25 MP: 9/9
   701 | D:1      | Learned a level 3 spell: Frozen Ramparts
   705 | D:1      | Learned a level 3 spell: Ozocubu's Armour
   715 | D:1      | Reached skill level 5 in Spellcasting
   885 | D:1      | Reached skill level 1 in Invocations
  1508 | D:2      | Reached skill level 1 in Fighting
  1508 | D:2      | Reached skill level 1 in Short Blades
  1508 | D:2      | Reached skill level 1 in Long Blades
  1508 | D:2      | Reached skill level 1 in Axes
  1508 | D:2      | Reached skill level 1 in Maces & Flails
  1508 | D:2      | Reached skill level 1 in Polearms
  1508 | D:2      | Reached skill level 1 in Staves
  1508 | D:2      | Reached skill level 1 in Slings
  1508 | D:2      | Reached skill level 1 in Bows
  1508 | D:2      | Reached skill level 1 in Crossbows
  1508 | D:2      | Reached skill level 1 in Throwing
  1508 | D:2      | Reached skill level 1 in Armour
  1508 | D:2      | Reached skill level 1 in Shields
  1508 | D:2      | Reached skill level 1 in Unarmed Combat
  1508 | D:2      | Reached skill level 1 in Evocations
  1508 | D:2      | Reached XP level 4. HP: 32/32 MP: 7/11
  2167 | D:2      | Noticed Sigmund
  2182 | D:2      | Killed from afar by Sigmund

Illustrated notes

Levels and vault maps discovered:
D:1:      co_arrival_square_in_a_square_in_a_square, layout_basic,
          hellmonk_ecumenical_altar_defaced_shrine, minmay_misc_feat_ornament,
          minmay_indecisive_spiral
D:2:      layout_basic, minmay_joined_circles, uniq_sigmund

Skill      XL: |  1  2  3 |
---------------+----------+-----
Spellcasting   | 5 |  5.0
Invocations    | 1 |  1.2
Fighting       | 1 |  1.1
Short Blades   | 1 |  1.1
Long Blades    | 1 |  1.1
Axes           | 1 |  1.1
Maces & Flails | 1 |  1.1
Polearms       | 1 |  1.1
Staves         | 1 |  1.1
Slings         | 1 |  1.1
Bows           | 1 |  1.1
Crossbows      | 1 |  1.1
Throwing       | 1 |  1.1
Armour         | 1 |  1.1
Shields        | 1 |  1.1
Unarmed Combat | 1 |  1.1
Evocations     | 1 |  1.1
Dodging        | |  4.6
Stealth        | |  4.2
Conjurations   | |  0.8
Hexes          | |  0.8
Summonings     | |  0.8
Necromancy     | |  0.8
Translocations | |  0.8
Transmutations | |  0.8
Fire Magic     | |  0.8
Ice Magic      | |  7.1
Air Magic      | |  0.8
Earth Magic    | |  0.8
Poison Magic   | |  0.8

Action                   |  1- 3 |  4- 6 || total
-------------------------+-------+-------++-------
Melee: Unarmed           |    13 |       ||    13
       Bite              |     7 |     5 ||    12
       Dagger            |    84 |    37 ||   121
 Cast: Freeze            |    20 |     5 ||    25
       Frozen Ramparts   |     1 |     1 ||     2
  Use: Scroll            |     3 |     1 ||     4
       Potion            |       |     3 ||     3
 Stab: Sleeping          |     9 |     2 ||    11
Armor: Robe              |    38 |     9 ||    47
Dodge: Dodged            |   101 |    23 ||   124

Table legend: (Time is in decaauts)
 A = Elapsed time spent in this place.
 B = Non-inter-level travel time spent in this place.
 C = Inter-level travel time spent in this place.
 D = Time resting spent in this place.
 E = Time spent auto-exploring this place.
 F = Levels seen in this place.
 G = Mean time per level.
                   A        B        C        D        E       F      G
               +--------+--------+--------+--------+--------+-----+--------+
         Total |   2176 |   2158 |     18 |      0 |   1774 |   2 | 1088.0 |
       Dungeon |   2176 |   2158 |     18 |      0 |   1774 |   2 | 1088.0 |
               +--------+--------+--------+--------+--------+-----+--------+

Top non-repeatable levels by time:
     D:1: 1482 daAuts
     D:2: 694 daAuts
